 Dungeon Crawl Stone Soup version 0.21-a0-364-gbd1fde4 (webtiles) character file.

213954 torrenera the Sharpshooter (level 18, -5/143 HPs)
             Began as a Gnoll Warper on Oct 10, 2017.
             Was a High Priest of Okawaru.
             Killed by the raging water
             ... invoked by a water nymph
              (25 damage)
             ... on level 4 of the Shoals on Oct 14, 2017.
             The game lasted 04:56:22 (64456 turns).

torrenera the Sharpshooter (Gnoll Warper)          Turns: 64456, Time: 04:56:22

Health: -5/143     AC:  7    Str: 15    XL:     18   Next: 97%
Magic:  34/35      EV: 31    Int: 29    God:    Okawaru [*****.]
Gold:   1945       SH:  9    Dex: 19    Spells: 4/43 levels left

rFire    + . .     SeeInvis .   a - +4 dagger "Morg" {pain, MR+ Int+5}
rCold    + . .     Gourm    +   n - +0 buckler {reflect}
rNeg     + + .     Faith    .   j - +0 robe of the Garden {rF+ Dex+4}
rPois    .         Spirit   .   L - +0 hat {MR+}
rElec    .         Reflect  +   X - scarf {repulsion}
rCorr    .         Harm     .   x - +0 pair of gloves
MR       +++..                  q - +0 pair of boots {Fly}
Stlth    +++++++...             Q - amulet of the gourmand
HPRegen  0.33/turn              M - +3 ring of evasion
MPRegen  0.24/turn              T - ring of Arrival {rC+ rN++ Int+2}

@: about to teleport, heroism, flying, repel missiles
A: distributed training, fangs 1, strong nose
}: 1/15 runes: gossamer
a: Heroism, Finesse, Renounce Religion, Stop Flying


You were on level 4 of the Shoals.
You worshipped Okawaru.
Okawaru was extremely pleased with you.
You were completely stuffed.

You visited 7 branches of the dungeon, and saw 34 of its levels.
You also visited: Bailey.

You collected 3059 gold pieces.
You spent 1114 gold pieces at shops.

Inventory:

Hand Weapons
 a - the +4 dagger "Morg" (weapon) {pain, MR+ Int+5}
   (You took it off a merfolk siren on level 1 of the Shoals)

   In the hands of one skilled in necromantic magic, it inflicts extra damage on
   living creatures.
   It affects your intelligence (+5).
   It affects your resistance to hostile enchantments.
 h - the +8 demon trident of Zonud {pierce, +Rage}
   (Okawaru gifted it to you on level 4 of the Spider Nest)

   It inflicts extra damage upon your enemies.
   It lets you go berserk.
Armour
 j - the +0 robe of the Garden (worn) {rF+ Dex+4}
   (You found it on level 4 of the Lair of Beasts)

   It affects your dexterity (+4).
   It protects you from fire.
 n - a +0 buckler of reflection (worn)
 q - a +0 pair of boots of flying (worn)
 x - a +0 pair of gloves (worn)
 L - a +0 hat of magic resistance (worn)
 X - a scarf of repulsion (worn)
Jewellery
 e - an uncursed ring of poison resistance
 s - an uncursed ring of fire
 B - an uncursed ring of see invisible
 C - an uncursed ring of ice
 M - a +3 ring of evasion (left hand)
 Q - an amulet of the gourmand (around neck)
 T - the ring of Arrival (right hand) {rC+ rN++ Int+2}
   (You found it on level 6 of the Lair of Beasts)

   [ring of protection from cold]

   It affects your intelligence (+2).
   It protects you from cold.
   It greatly protects you from negative energy.
 W - an uncursed ring of positive energy
Wands
 b - a wand of paralysis (12/24)
 c - a wand of acid (7/15)
 o - a wand of iceblast (9/15)
 v - a wand of confusion (31/48)
 J - a wand of paralysis (6/24)
 P - a wand of disintegration (8/24)
 R - a wand of digging (5/24)
Scrolls
 g - 2 scrolls of immolation
 l - a scroll of silence
 m - 5 scrolls of teleportation
 r - 5 scrolls of fog
 y - 7 scrolls of remove curse
 z - a scroll of identify
 D - a scroll of holy word
 E - a scroll of summoning
 G - 4 scrolls of blinking
 K - 6 scrolls of magic mapping
Potions
 i - 2 potions of magic
 k - 2 potions of might
 p - 3 potions of ambrosia
 t - 6 potions of brilliance
 u - 4 potions of curing
 w - a potion of berserk rage
 A - 2 potions of haste
 F - 2 potions of cancellation
 H - 5 potions of resistance
 O - 2 potions of agility
 S - 2 potions of lignification
Miscellaneous
 d - a sack of spiders
 Y - a phantom mirror
Comestibles
 f - 12 bread rations
 I - 7 chunks of flesh


   Skills:
 + Level 13.0(18.0) Fighting
 + Level 12.3(17.3) Short Blades
 + Level 12.3(17.3) Long Blades
 + Level 13.1(18.1) Axes
 + Level 12.3(17.3) Maces & Flails
 + Level 13.0(18.0) Polearms
 + Level 12.3(17.3) Staves
 + Level 12.3(17.3) Slings
 + Level 12.3(17.3) Bows
 + Level 15.8(20.8) Crossbows
 + Level 12.5(17.5) Throwing
 + Level 12.5(17.5) Armour
 + Level 13.0(18.0) Dodging
 + Level 12.3(17.3) Stealth
 + Level 12.3(17.3) Shields
 + Level 12.3(17.3) Unarmed Combat
 + Level 13.1 Spellcasting
 + Level 10.5 Conjurations
 + Level 10.5 Hexes
 + Level 10.5 Charms
 + Level 10.5 Summonings
 + Level 10.5 Necromancy
 + Level 11.7 Translocations
 + Level 10.5 Transmutations
 + Level 10.5 Fire Magic
 + Level 10.5 Ice Magic
 + Level 10.5 Air Magic
 + Level 10.5 Earth Magic
 + Level 10.5 Poison Magic
 + Level 13.3 Invocations
 + Level 12.3 Evocations


You had 4 spell levels left.
You knew the following spells:

 Your Spells              Type           Power        Failure   Level  Hunger
a - Blink                 Tloc           N/A          1%          2    None
b - Statue Form           Tmut/Erth      ######...    5%          6    ####...
c - Shroud of Golubria    Chrm/Tloc      ######....   1%          2    None
d - Lesser Beckoning      Tloc           ######....   1%          3    None
e - Freezing Cloud        Conj/Ice/Air   ######....   5%          6    ####...
f - Bolt of Cold          Conj/Ice       ######....   5%          6    ####...
g - Mephitic Cloud        Conj/Pois/Air  ######..     1%          3    None
h - Summon Butterflies    Summ           ######..     1%          1    None
i - Sublimation of Blood  Necr           ######....   1%          2    None
j - Summon Lightning Spi  Summ/Air       ######..     1%          4    None
k - Summon Ice Beast      Ice/Summ       ######..     1%          4    None


Dungeon Overview and Level Annotations

Branches:
Dungeon (15/15)            Temple (1/1) D:4            Lair (6/6) D:8
 Shoals (4/4) Lair:2       Spider (4/4) Lair:4        Slime (0/5) Lair:5
    Orc (2/2) D:12            Elf (2/3) Orc:2        Vaults (0/5) D:13
 Depths (0/5) D:15

Altars:
Ashenzari
Cheibriados
Dithmenos
Elyvilon
Fedhas
Gozag
Hepliaklqana
Kikubaaqudgha
Makhleb
Nemelex Xobeh
Okawaru
Qazlal
Ru
Sif Muna
Trog
Vehumet
Wu Jian
Xom
Yredelemnul
Zin
The Shining One
Beogh
Jiyva

Shops:
D:5 [   D:10 *   D:14 %   Orc:2 [(:[

Annotations:
D:6 Hasart's ghost, novice FoFi
Elf:2 5 runed doors


Innate Abilities, Weirdness & Mutations

Your experience applies equally to all skills.
You have very sharp teeth.
Your uncanny sense of smell can sniff out nearby items.


Message History

The water elemental is moderately damaged.
You hit the water elemental.
The water elemental is moderately damaged.
You block the merfolk's attack. The water elemental hits you!!
The water nymph casts a spell at you. The water rises up and strikes you!
* * * LOW HITPOINT WARNING * * *
You puncture the water elemental!
The water elemental is heavily damaged.
You hit the water elemental. Your bite misses the water elemental.
The water elemental is heavily damaged.
The water elemental completely misses you.
The merfolk hits you from afar with a trident of piercing.
* * * LOW HITPOINT WARNING * * *
x2
As you read the scroll of teleportation, it crumbles to dust.
You feel strangely unstable.
The water elemental completely misses you.
The water nymph gestures at you while chanting.
The water rises up and strikes you!
You die...

## #### ∆##.# ..# ≈≈≈≈
#...≈..≈ ≈≈≈≈≈≈≈ #≈.#.#.≈
≈≈≈≈≈≈≈ #.≈≈)≈≈## ≈≈≈≈≈≈≈
≈≈≈≈≈..###≈#≈#≈≈# ≈≈≈≈≈≈≈
≈≈≈≈(...#≈..≈≈≈m##≈≈≈≈≈≈≈
≈≈≈≈≈..###.≈≈≈mE#≈≈≈≈≈≈≈≈
≈≈≈≈≈≈≈..#######@≈≈≈≈≈≈≈≈
≈≈≈≈≈≈≈≈≈≈#≈##≈#≈≈≈≈≈≈≈≈≈
≈≈≈≈≈≈≈≈≈≈≈≈≈≈≈≈≈≈≈≈≈≈≈≈≈
≈≈≈≈≈≈≈≈≈≈≈≈≈≈≈≈≈≈≈≈≈≈≈≈≈
≈≈≈≈≈≈≈≈≈≈≈≈≈≈≈≈≈≈≈≈≈≈≈≈≈
≈≈≈≈≈≈≈≈≈≈≈≈≈≈≈≈≈≈≈≈≈≈≈≈≈
≈≈≈≈≈≈≈≈≈≈≈≈≈≈≈≈≈≈≈≈≈≈≈≈≈
≈≈≈≈≈≈≈≈≈≈≈≈≈≈≈≈≈≈≈≈≈≈≈≈≈
≈≈≈≈≈≈≈≈≈≈≈≈≈≈≈≈≈≈≈≈≈≈≈≈≈


You could see a merfolk, a water elemental and a water nymph.

Vanquished Creatures
  Mara (Shoals:2)
  Arachne (Spider:3)
  Jorgrun (Shoals:2)
  Rupert (D:15)
  A storm dragon (D:15)
  Kirke (Shoals:2)
  Roxanne (D:15)
  Ilsuiw (Shoals:4)
  3 ghost moths (Spider:4)
  Louise (Spider:2)
  2 emperor scorpions (Spider:4)
  The ghost of zero the Severer, a journeyman GrBe of Trog (Orc:2)
  2 entropy weavers
  Nessos (Orc:2)
  A deep elf demonologist (Elf:1)
  2 spark wasps (Spider:4)
  2 deep elf annihilators
  Snorg (Lair:6)
  5 merfolk impalers
  A fire dragon (D:15)
  4 merfolk javelineers
  Josephine (D:9)
  8 hydras
  An ice dragon (D:15)
  Erica (D:8)
  3 catoblepae
  A death knight (D:15)
  A merfolk aquamancer (Shoals:4)
  9 death yaks
  8 dancing weapons
  A queen ant (Lair:2)
  A deep troll shaman (Lair:6)
  4 centaur warriors
  A satyr (Shoals:3)
  5 two-headed ogres
  Sonja (Lair:4)
  2 orc high priests (Orc:2)
  Nergalle (D:12)
  9 deep elf knights
  2 fire crabs (Shoals:1)
  2 unseen horrors
  7 skeletal warriors
  10 sea snakes
  A flayed ghost (D:13)
  A necromancer (D:13)
  6 deep elf archers
  12 harpies
  A phantasmal warrior (D:14)
  12 orb spiders
  17 wolf spiders
  2 orc knights
  An ugly thing (D:11)
  3 orc sorcerers (Orc:2)
  25 deep elf magi
  5 cyclopes
  12 fauns
  11 manticores
  14 elephants
  4 slime creatures (D:13)
  3 water nymphs
  4 black mambas
  13 merfolk sirens
  15 spiny frogs
  3 torpor snails
  2 yaktaurs (D:15)
  4 rime drakes
  A freezing wraith (D:14)
  2 kobold demonologists
  8 demonic crawlers
  A komodo dragon (D:11)
  2 polar bears (Lair:6)
  7 trolls
  3 tengu conjurers
  A hornet (shapeshifter) (Elf:2)
  3 meliai
  18 jumping spiders
  24 merfolk
  8 hornets
  10 hippogriffs
  15 blink frogs
  A blink frog (shapeshifter) (D:14)
  2 wind drakes
  Prince Ribbit (D:6)
  3 dream sheep (Shoals:3)
  8 snapping turtles
  A redback (shapeshifter) (D:13)
  An air elemental (Orc:2)
  17 tarantellas
  4 shadows
  A tarantella (shapeshifter) (D:13)
  3 vampires
  35 redbacks
  4 water elementals
  A hog (shapeshifter) (D:15)
  2 wyverns (D:10)
  20 yaks
  8 wraiths
  A hog (Shoals:2)
  2 fire elementals (Elf:1)
  A human (Shoals:2)
  4 basilisks
  2 fire bats (Shoals:1)
  5 vampire mosquitoes (D:15)
  A hungry ghost (D:12)
  A warg (Orc:2)
  21 soldier ants
  15 water moccasins
  10 porcupines
  A hornet zombie (D:10)
  3 sky beasts
  3 black bears
  6 ice beasts
  34 orc warriors
  6 phantoms
  11 ogres
  4 centaurs
  11 crocodiles
  20 wolves
  4 big kobolds (D:14)
  12 bullfrogs
  2 earth elementals
  3 scorpions
  A wyvern skeleton (D:12)
  11 killer bees
  9 wights
  8 howler monkeys
  An electric eel (Lair:2)
  7 crimson imps
  3 bullfrog zombies
  3 centaur zombies
  A quasit (D:9)
  2 bullfrog skeletons (D:5)
  4 jellies
  16 orc priests
  7 hounds
  Jessica (D:14)
  6 centaur skeletons
  5 iguanas
  16 orc wizards
  32 worker ants
  A hound skeleton (D:4)
  3 worker ant zombies
  4 gnolls (D:9)
  14 adders
  3 shadow imps
  An adder skeleton (D:6)
  4 dart slugs
  A worm (D:3)
  5 leopard geckos
  73 orcs
  4 bats (D:1)
  8 giant cockroaches
  3 goblins (D:1)
  9 hobgoblins
  13 jackals
  3 quokkas
  4 frilled lizards
  A jackal zombie (D:7)
  12 kobolds
  A quokka skeleton (D:7)
  5 rats
  4 fungi (D:14)
  2 plants
993 creatures vanquished.

Vanquished Creatures (collateral kills)
  A deep elf sorcerer (Elf:1)
  An orc warlord (Orc:2)
  An emperor scorpion (Spider:4)
  An entropy weaver (Spider:4)
  A two-headed ogre (D:13)
  A deep elf knight (Elf:1)
  A skeletal warrior (D:14)
  4 deep elf archers
  6 orb spiders
  5 wolf spiders
  A cyclops (D:13)
  11 deep elf magi
  9 jumping spiders
  3 hornets
  3 slime creatures (D:11)
  24 redbacks
  A shadow (D:11)
  4 yaks (D:14)
  A fire elemental (Elf:1)
  11 tarantellas
  4 vampire mosquitoes (D:14)
  An acid dragon (D:14)
  4 orc warriors
  An eye of draining (D:15)
  2 ogres
  An orc priest (Orc:2)
  An orc wizard (Orc:2)
  A hound skeleton (D:11)
  16 orcs
121 creatures vanquished.

Vanquished Creatures (others)
  A fire giant (D:13)
  A deep elf archer (Elf:2)
  A deep elf mage (Elf:1)
  A human (Shoals:2)
  An orc (Orc:2)
  2 bushes (Lair:6)
  26 fungi
  41 plants
74 creatures vanquished.

Grand Total: 1188 creatures vanquished

Notes
Turn   | Place    | Note
-------+----------+-------------------------------------------
     0 | D:1      | torrenera the Gnoll Warper began the quest for the Orb.
     0 | D:1      | Reached XP level 1. HP: 20/20 MP: 6/6
   223 | D:1      | Reached XP level 2. HP: 13/26 MP: 7/7
   628 | D:1      | HP: 1/26 [hobgoblin/club (3)]
   874 | D:1      | Reached XP level 3. HP: 20/31 MP: 9/9
   884 | D:1      | Reached skill level 5 in Spellcasting
  1564 | D:2      | Reached skill level 1 in Short Blades
  1564 | D:2      | Reached skill level 1 in Long Blades
  1564 | D:2      | Reached skill level 1 in Axes
  1564 | D:2      | Reached skill level 1 in Maces & Flails
  1564 | D:2      | Reached skill level 1 in Staves
  1564 | D:2      | Reached skill level 1 in Slings
  1564 | D:2      | Reached skill level 1 in Bows
  1564 | D:2      | Reached skill level 1 in Crossbows
  1564 | D:2      | Reached skill level 1 in Stealth
  1564 | D:2      | Reached skill level 1 in Shields
  1564 | D:2      | Reached skill level 1 in Unarmed Combat
  1564 | D:2      | Reached skill level 1 in Conjurations
  1564 | D:2      | Reached skill level 1 in Hexes
  1564 | D:2      | Reached skill level 1 in Charms
  1564 | D:2      | Reached skill level 1 in Summonings
  1564 | D:2      | Reached skill level 1 in Necromancy
  1564 | D:2      | Reached skill level 1 in Transmutations
  1564 | D:2      | Reached skill level 1 in Fire Magic
  1564 | D:2      | Reached skill level 1 in Ice Magic
  1564 | D:2      | Reached skill level 1 in Air Magic
  1564 | D:2      | Reached skill level 1 in Earth Magic
  1564 | D:2      | Reached skill level 1 in Poison Magic
  1564 | D:2      | Reached skill level 1 in Invocations
  1564 | D:2      | Reached skill level 1 in Evocations
  1602 | D:2      | Found a hazy altar of Hepliaklqana.
  1647 | D:2      | Found an ornate altar of the Wu Jian Council.
  1834 | D:3      | Reached XP level 4. HP: 24/38 MP: 11/11
  2219 | D:3      | Found a shattered altar of Ashenzari.
  2793 | D:4      | Found a sacrificial altar of Ru.
  2815 | D:4      | Reached XP level 5. HP: 39/43 MP: 12/12
  3031 | D:4      | Learned a level 2 spell: Blink
  3035 | D:4      | Learned a level 3 spell: Gell's Gravitas
  3038 | D:4      | Learned a level 2 spell: Shroud of Golubria
  3042 | D:4      | Learned a level 3 spell: Lesser Beckoning
  3046 | D:4      | Learned a level 3 spell: Conjure Flame
  3292 | D:4      | Found a staircase to the Ecumenical Temple.
  3314 | D:4      | Noticed a phantom
  3340 | D:4      | Killed a phantom
  3340 | D:4      | Reached XP level 6. HP: 49/50 MP: 13/13
  3357 | D:4      | Found a sparkling altar of Nemelex Xobeh.
  3520 | D:4      | Reached skill level 5 in Fighting
  3520 | D:4      | Reached skill level 5 in Polearms
  3520 | D:4      | Reached skill level 2 in Crossbows
  3520 | D:4      | Reached skill level 5 in Dodging
  3980 | D:4      | Found a glowing silver altar of Zin.
  4045 | D:4      | Found a bloodstained altar of Trog.
  4395 | Temple   | Entered the Ecumenical Temple
  4493 | Temple   | Became a worshipper of Warmaster Okawaru
  4517 | D:5      | Entered Level 5 of the Dungeon
  4530 | D:5      | Reached XP level 7. HP: 42/56 MP: 15/15
  5190 | D:5      | Found a basalt altar of Yredelemnul.
  5377 | D:5      | Found a snail-covered altar of Cheibriados.
  5417 | D:5      | Found Qak Umae's Antique Armour Boutique.
  5434 | D:5      | Bought a creamy pearl robe for 131 gold pieces
  5444 | D:5      | Identified the cursed +1 robe of Poss {rN+} (You bought it in a shop on level 5 of the Dungeon)
  5832 | D:6      | Found a shimmering altar of Xom.
  6278 | D:6      | Reached * piety under Okawaru
  6420 | D:6      | Reached XP level 8. HP: 56/63 MP: 16/16
  6830 | D:6      | Noticed Prince Ribbit
  6879 | D:6      | Killed Prince Ribbit
  6879 | D:6      | Reached skill level 3 in Crossbows
  7209 | D:6      | Noticed Hasart's ghost (novice FoFi)
  7262 | D:5      | Learned a level 4 spell: Passage of Golubria
  8524 | D:7      | Reached ** piety under Okawaru
  8868 | D:7      | Found a shimmering altar of Xom.
  9615 | D:8      | Reached XP level 9. HP: 60/69 MP: 18/18
  9675 | D:8      | Noticed a troll
  9701 | D:8      | Killed a troll
  9778 | D:8      | Reached skill level 4 in Crossbows
  9987 | D:8      | Noticed Erica
 10219 | D:8      | Found a staircase to the Lair.
 10293 | D:8      | Learned a level 3 spell: Mephitic Cloud
 10425 | D:8      | Killed Erica
 10425 | D:8      | Reached *** piety under Okawaru
 10425 | D:8      | Reached skill level 5 in Throwing
 10425 | D:8      | Reached skill level 5 in Armour
 10448 | D:8      | Found a shadowy altar of Dithmenos.
 10460 | D:8      | Found a deep blue altar of Sif Muna.
 10685 | D:8      | Found a snail-covered altar of Cheibriados.
 10874 | D:9      | Reached XP level 10. HP: 31/77 MP: 20/20
 11367 | D:8      | Reached **** piety under Okawaru
 11701 | D:9      | Reached skill level 5 in Short Blades
 11701 | D:9      | Reached skill level 5 in Long Blades
 11701 | D:9      | Reached skill level 5 in Axes
 11701 | D:9      | Reached skill level 5 in Maces & Flails
 11701 | D:9      | Reached skill level 5 in Staves
 11701 | D:9      | Reached skill level 5 in Slings
 11701 | D:9      | Reached skill level 5 in Bows
 11701 | D:9      | Reached skill level 5 in Crossbows
 11701 | D:9      | Reached skill level 5 in Stealth
 11701 | D:9      | Reached skill level 5 in Shields
 11701 | D:9      | Reached skill level 5 in Unarmed Combat
 11701 | D:9      | Reached skill level 5 in Conjurations
 11701 | D:9      | Reached skill level 5 in Hexes
 11701 | D:9      | Reached skill level 5 in Charms
 11701 | D:9      | Reached skill level 5 in Summonings
 11701 | D:9      | Reached skill level 5 in Necromancy
 11701 | D:9      | Reached skill level 5 in Transmutations
 11701 | D:9      | Reached skill level 5 in Fire Magic
 11701 | D:9      | Reached skill level 5 in Ice Magic
 11701 | D:9      | Reached skill level 5 in Air Magic
 11701 | D:9      | Reached skill level 5 in Earth Magic
 11701 | D:9      | Reached skill level 5 in Poison Magic
 11701 | D:9      | Reached skill level 5 in Invocations
 11701 | D:9      | Reached skill level 5 in Evocations
 11968 | D:9      | Found a stormy altar of Qazlal.
 12922 | D:10     | Entered Level 10 of the Dungeon
 13171 | D:10     | Found a flagged portal.
 13185 | Bailey   | Entered a bailey
 13192 | Bailey   | Received a gift from Okawaru
 13710 | Bailey   | Reached ***** piety under Okawaru
 13850 | Bailey   | Noticed an orc knight
 13871 | Bailey   | Killed an orc knight
 13900 | Bailey   | Reached XP level 11. HP: 41/84 MP: 20/22
 14227 | D:10     | Reached skill level 6 in Crossbows
 14618 | D:10     | Found Exosed's General Store.
 14650 | D:10     | Received a gift from Okawaru
 14655 | D:10     | Noticed Josephine
 15053 | D:9      | Killed Josephine
 15053 | D:9      | Received a gift from Okawaru
 15145 | D:9      | Got a shimmering hat {god gift}
 15195 | D:8      | Identified the +0 hat "Haihoash" {+Fly} (Okawaru gifted it to you on level 9 of the Dungeon)
 15448 | D:10     | Learned a level 3 spell: Teleport Other
 15636 | Lair:1   | Entered Level 1 of the Lair of Beasts
 15749 | Lair:1   | Reached skill level 7 in Crossbows
 16988 | Lair:2   | Noticed a queen ant
 17016 | Lair:2   | Killed a queen ant
 17016 | Lair:2   | Reached XP level 12. HP: 33/93 MP: 19/24
 17729 | Lair:2   | Reached skill level 8 in Crossbows
 17941 | Lair:2   | Received a gift from Okawaru
 18686 | Lair:2   | Noticed a six-headed hydra
 18699 | Lair:2   | Killed a two-headed hydra
 18938 | Lair:2   | Received a gift from Okawaru
 19297 | Lair:2   | Found a staircase to the Shoals.
 20013 | Lair:3   | Received a gift from Okawaru
 20014 | Lair:3   | Found the +7 Kryia's mail coat {PotionHeal*2 rC+}
 20555 | Lair:3   | Got a fine scale mail
 20566 | Lair:3   | Identified the +9 scale mail "Ededdant" {MR+ Str+3 Int+2} (You found it on level 3 of the Lair of Beasts)
 20751 | Lair:4   | Noticed Sonja
 20781 | Lair:3   | Reached skill level 9 in Crossbows
 20785 | Lair:3   | Reached skill level 10 in Translocations
 20810 | Lair:4   | Killed Sonja
 21214 | Lair:4   | Reached XP level 13. HP: 89/101 MP: 24/26
 21642 | Lair:2   | Identified a scroll of acquirement
 21649 | Lair:2   | Learned a level 2 spell: Sublimation of Blood
 21902 | Lair:4   | Found a hole to the Spider Nest.
 23166 | Lair:5   | Upgraded the game from 0.21-a0-352-g5b8f553 to 0.21-a0-356-g45b0a09
 23262 | Lair:4   | Received a gift from Okawaru
 23811 | Lair:5   | Reached skill level 10 in Crossbows
 23823 | Lair:5   | Received a gift from Okawaru
 24021 | Lair:4   | Received a gift from Okawaru
 24604 | Lair:5   | Found a viscous altar of Jiyva.
 24621 | Lair:5   | Found a staircase to the Slime Pits.
 24993 | Lair:6   | Entered Level 6 of the Lair of Beasts
 25190 | Lair:6   | Received a gift from Okawaru
 25219 | Lair:6   | Got a transparent dagger {god gift}
 25245 | Lair:6   | HP: 5/102 [black mamba (11)]
 25247 | Lair:6   | HP: 2/102 [poisoned by a black mamba]
 25869 | Lair:6   | Reached skill level 10 in Spellcasting
 26040 | Lair:6   | Reached XP level 14. HP: 56/109 MP: 28/28
 26772 | Lair:6   | Received a gift from Okawaru
 26854 | Lair:6   | Reached skill level 11 in Crossbows
 26865 | Lair:6   | Reached skill level 10 in Fighting
 26865 | Lair:6   | Reached skill level 10 in Polearms
 26865 | Lair:6   | Reached skill level 10 in Dodging
 27307 | Lair:6   | Received a gift from Okawaru
 27618 | Lair:6   | Got a slimy jade ring
 27630 | Lair:6   | Identified the +3 dagger of Slow Death {venom, rPois} (Okawaru gifted it to you on level 6 of the Lair of Beasts)
 27638 | Lair:6   | Identified the ring of Arrival {rC+ rN++ Int+2} (You found it on level 6 of the Lair of Beasts)
 27657 | Lair:6   | Learned a level 4 spell: Summon Lightning Spire
 27662 | Lair:6   | Learned a level 4 spell: Summon Ice Beast
 28164 | Lair:6   | Noticed Snorg
 28364 | Lair:6   | Killed Snorg
 29103 | D:11     | Received a gift from Okawaru
 30329 | D:12     | Noticed Nergalle
 30360 | D:12     | Killed Nergalle
 30766 | D:12     | Found a staircase to the Orcish Mines.
 32064 | D:13     | Received a gift from Okawaru
 32065 | D:13     | Got a spiked crystal plate armour {god gift}
 32076 | D:13     | Identified the +13 crystal plate armour of Feve {Slay+2} (Okawaru gifted it to you on level 13 of the Dungeon)
 32118 | D:13     | Noticed a fire giant
 32149 | D:13     | Killed a fire giant
 32469 | D:13     | Reached skill level 10 in Invocations
 32469 | D:13     | Upgraded the game from 0.21-a0-356-g45b0a09 to 0.21-a0-361-g4efd3f9
 32550 | D:13     | Reached XP level 15. HP: 117/117 MP: 29/29
 32655 | D:13     | Reached skill level 12 in Crossbows
 33182 | D:13     | Reached skill level 10 in Throwing
 33182 | D:13     | Reached skill level 10 in Armour
 33185 | D:13     | Found a gate to the Vaults.
 34025 | D:14     | Found Buagaug's Food Shoppe.
 34219 | D:14     | Noticed Rupert
 34944 | D:14     | Reached skill level 10 in Translocations
 35563 | D:14     | Noticed Jessica
 35570 | D:14     | Found a deep blue altar of Sif Muna.
 35573 | D:14     | Killed Jessica
 35741 | D:15     | Entered Level 15 of the Dungeon
 35847 | D:15     | Noticed a storm dragon
 36309 | D:15     | Reached skill level 10 in Short Blades
 36309 | D:15     | Reached skill level 10 in Long Blades
 36309 | D:15     | Reached skill level 10 in Axes
 36309 | D:15     | Reached skill level 10 in Maces & Flails
 36309 | D:15     | Reached skill level 10 in Staves
 36309 | D:15     | Reached skill level 10 in Slings
 36309 | D:15     | Reached skill level 10 in Bows
 36309 | D:15     | Reached skill level 10 in Stealth
 36309 | D:15     | Reached skill level 10 in Shields
 36309 | D:15     | Reached skill level 10 in Unarmed Combat
 36309 | D:15     | Reached skill level 10 in Evocations
 37114 | Spider:1 | Entered Level 1 of the Spider Nest
 37990 | Orc:1    | Entered Level 1 of the Orcish Mines
 38129 | Orc:2    | Entered Level 2 of the Orcish Mines
 38141 | Orc:2    | Received a gift from Okawaru
 38188 | Orc:2    | Found a staircase to the Elven Halls.
 38219 | Orc:2    | Noticed Nessos
 38392 | Orc:2    | Killed Nessos
 38622 | Orc:2    | Found a roughly hewn altar of Beogh.
 38719 | Orc:2    | Found a roughly hewn altar of Beogh.
 38917 | Orc:2    | Found Atistuga's Book Shop.
 39089 | Orc:2    | Found a roughly hewn altar of Beogh.
 39103 | Orc:2    | Noticed zero's ghost (journeyman GrBe)
 39143 | Orc:2    | Killed zero's ghost
 39485 | Orc:2    | Found a roughly hewn altar of Beogh.
 40056 | Orc:2    | Found a roughly hewn altar of Beogh.
 40154 | Orc:2    | Found Reicap's Armour Boutique.
 40262 | Orc:2    | Noticed an orc warlord
 40303 | Orc:2    | Killed an orc warlord
 40342 | Orc:2    | Found Miwel's Antique Weapon Emporium.
 40347 | Orc:2    | Found Olauzes's Antique Armour Shoppe.
 40349 | Orc:2    | Found a roughly hewn altar of Beogh.
 40655 | Orc:2    | Bought a transparent glaive for 333 gold pieces
 40655 | Orc:2    | Identified the +5 glaive of Isumew {venom, Int+5} (You bought it in a shop on level 2 of the Orcish Mines)
 40746 | Orc:2    | Bought a book of Ice for 650 gold pieces
 40959 | Lair:2   | Learned a level 6 spell: Bolt of Cold
 40966 | Lair:2   | Learned a level 6 spell: Freezing Cloud
 41336 | Spider:1 | Reached skill level 13 in Crossbows
 41637 | Spider:1 | Reached XP level 16. HP: 121/125 MP: 31/31
 43027 | Spider:2 | Noticed Louise
 43125 | Spider:2 | Received a gift from Okawaru
 43147 | Spider:2 | Killed Louise
 43485 | Spider:2 | Received a gift from Okawaru
 43635 | Spider:2 | Received a gift from Okawaru
 45204 | Spider:3 | Received a gift from Okawaru
 45211 | Spider:3 | Got a pitted war axe {god gift}
 45323 | Lair:2   | Identified the +0 war axe of the Volcano {chop, *Rage Str+3 Dex+4} (Okawaru gifted it to you on level 3 of the Spider Nest)
 45503 | Spider:3 | Noticed Arachne
 45517 | Spider:3 | Killed Arachne
 45829 | Spider:4 | Entered Level 4 of the Spider Nest
 46358 | Spider:4 | Received a gift from Okawaru
 46425 | Spider:4 | Received a gift from Okawaru
 46851 | Spider:4 | Reached ****** piety under Okawaru
 47944 | Spider:4 | Received a gift from Okawaru
 47947 | Spider:4 | Got an iridescent demon trident {god gift}
 48222 | Spider:3 | Identified the +8 demon trident of Zonud {pierce, +Rage} (Okawaru gifted it to you on level 4 of the Spider Nest)
 48375 | Spider:4 | Reached skill level 14 in Crossbows
 48744 | Spider:4 | Reached XP level 17. HP: 117/133 MP: 3/33
 49100 | Spider:4 | Got a gossamer rune of Zot
 50243 | D:15     | Killed Rupert
 50601 | D:15     | Got a brightly glowing long sword
 50602 | D:15     | Identified the +1 long sword of Fury {protect, rF+ rN+ Int+2} (You found it on level 15 of the Dungeon)
 50952 | D:15     | Noticed Roxanne
 50989 | D:15     | Killed Roxanne
 51253 | D:15     | Received a gift from Okawaru
 51528 | D:15     | Found a staircase to the Depths.
 51944 | Elf:1    | Entered Level 1 of the Elven Halls
 52067 | Elf:1    | Got a spiked ring mail
 52101 | Elf:1    | Noticed an Executioner
 52851 | Elf:1    | Received a gift from Okawaru
 52892 | Elf:1    | HP: 4/133 [fire elemental[a deep elf mage] (14)]
 53458 | Orc:2    | Identified the +4 ring mail of Xetwat {rCorr} (You found it on level 1 of the Elven Halls)
 53521 | Elf:1    | Identified the Compendium of Calling
 53527 | Elf:1    | Learned a level 1 spell: Summon Butterflies
 54078 | Elf:2    | HP: 2/133 [flail of holy wrath (12)]
 55368 | Lair:4   | Got a crude robe
 55379 | Lair:4   | Identified the cursed +0 robe of the Garden {rF+ Dex+4} (You found it on level 4 of the Lair of Beasts)
 55498 | Lair:2   | Learned a level 6 spell: Statue Form
 55889 | Elf:2    | Found a huge runed gate.
 55889 | Elf:2    | Found a huge runed gate.
 55889 | Elf:2    | Found a huge runed gate.
 55889 | Elf:2    | Found a huge runed gate.
 55891 | Elf:2    | Found a huge runed gate.
 55906 | Elf:2    | Reached skill level 10 in Conjurations
 55906 | Elf:2    | Reached skill level 10 in Hexes
 55906 | Elf:2    | Reached skill level 10 in Charms
 55906 | Elf:2    | Reached skill level 10 in Summonings
 55906 | Elf:2    | Reached skill level 10 in Necromancy
 55906 | Elf:2    | Reached skill level 10 in Transmutations
 55906 | Elf:2    | Reached skill level 10 in Fire Magic
 55906 | Elf:2    | Reached skill level 10 in Ice Magic
 55906 | Elf:2    | Reached skill level 10 in Air Magic
 55906 | Elf:2    | Reached skill level 10 in Earth Magic
 55906 | Elf:2    | Reached skill level 10 in Poison Magic
 56293 | Shoals:1 | Entered Level 1 of the Shoals
 56350 | Shoals:1 | Reached skill level 15 in Crossbows
 56357 | Shoals:1 | Reached XP level 18. HP: 93/141 MP: 20/34
 56460 | Lair:2   | Upgraded the game from 0.21-a0-361-g4efd3f9 to 0.21-a0-364-gbd1fde4
 56905 | Shoals:1 | Received a gift from Okawaru
 56906 | Shoals:1 | Found the +27 Lear's hauberk
 60265 | Shoals:2 | Noticed Kirke
 60276 | Shoals:2 | Killed Kirke
 60660 | Shoals:2 | Noticed Jorgrun
 60666 | Shoals:2 | Killed Jorgrun
 60761 | Shoals:3 | Noticed Mara
 60775 | Shoals:3 | Noticed torrenera's illusion
 61621 | Shoals:3 | Noticed torrenera's illusion
 61808 | Shoals:2 | Noticed torrenera's illusion
 62236 | Shoals:2 | Killed Mara
 62236 | Shoals:2 | Received a gift from Okawaru
 63275 | Shoals:4 | Entered Level 4 of the Shoals
 63479 | Shoals:4 | Received a gift from Okawaru
 63600 | Shoals:4 | Noticed Ilsuiw
 63618 | Shoals:4 | Killed Ilsuiw
 63725 | Shoals:4 | Received a gift from Okawaru
 64456 | Shoals:4 | Killed from afar by a water nymph

Vault maps used:
D:1:      dpeg_arrival_windows_large_door, hex_intersection,
          hangedman_decor_clover_reticule, st_stairs_13
D:2:      old_standard_altar, lemuel_coloured_pillars_altar, first_bread
D:3:      nicolae_ashenzari_panopticon, chequers_big_river
D:4:      overflow_temple_1_default, bloody_trog,
          nicolae_ru_great_annihilating_truth, kennysheep_mini_moat,
          minmay_temple_entry_butterflies, serial_forest,
          infiniplex_forest_lined_corner, infiniplex_forest_end_3,
          infiniplex_forest_clump_double, infiniplex_forest_straight_3,
          infiniplex_forest_straight_2, infiniplex_forest_lined_corner,
          kennysheep_generic_room_10
D:5:      yredelemnul_altar_generic, serial_shops, shop_fountains,
          cheibriados_altar_1
D:6:      lemuel_crystal_altar, uniq_prince_ribbit1
D:7:      enter_ossuary_5, nicolae_benzene_ring, xom_teletrap_fun
D:8:      lemuel_crystal_altar, lemuel_crystal_altar, kennysheep_mini,
          dpeg_oklobed_lair, uniq_erica
D:9:      lemuel_doored_altar
D:10:     serial_shops, shop, enter_bailey_2, hangedman_fish_farm,
          uniq_josephine
D:12:     orc_0_dummy, uniq_nergalle
D:13:     david_vaults_1, minmay_diamond_spiral
D:14:     serial_shops, shop, tgw_sif, water_boxes_lemuel, uniq_rupert
D:15:     grunt_enter_depths_hoard, minivault_23, uniq_roxanne
Temple:   nicolae_temple_figure_zero
Lair:1:   grunt_megastairs_4
Lair:2:   minmay_shoals_entry_hut, minivault_29
Lair:3:   grunt_megastairs_3
Lair:4:   spider_nest_entry_web_field, uniq_sonja
Lair:5:   slime_altar_1, bh_autumn_forest_stairs, grunt_megastairs_5
Lair:6:   grunt_lair_end_beastmaster, uniq_snorg
Shoals:1: portal_ice_cave_entry_pillars_three, hangedman_shoal_volcano
Shoals:2: uniq_kirke, uniq_jorgrun
Shoals:3: uniq_mara
Shoals:4: shoals_end_grunt_ice, shoals_ilsuiw_ice, nicolae_shoals_hunting_party
Spider:2: uniq_louise
Spider:3: uniq_arachne
Spider:4: spider_rune_water, nicolae_looking_at_the_future
Orc:1:    bloody_makhleb
Orc:2:    grunt_orc_community_town_hall, grunt_orc_community_big_house_1,
          grunt_orc_community_big_house_1, grunt_orc_community_house_3,
          grunt_orc_community_house_1, grunt_orc_community_house_3,
          grunt_orc_community_house_1, uniq_nessos
Elf:1:    minmay_elf_demonology
Elf:2:    minmay_misc_feat_rows
Bailey:   bailey_polearm_2, bailey

Skill      XL: |  1  2  3  4  5  6  7  8  9 10 11 12 13 14 15 16 17 18 |
---------------+-------------------------------------------------------+-----
Spellcasting   | 5 6 7 8 9 10 11 12 13 | 13.1
Short Blades   | 1 2 3 4 5 6 7 8 9 10 11 12 | 12.3
Long Blades    | 1 2 3 4 5 6 7 8 9 10 11 12 | 12.3
Axes           | 1 2 3 4 5 6 7 8 9 10 11 13 | 13.1
Maces & Flails | 1 2 3 4 5 6 7 8 9 10 11 12 | 12.3
Staves         | 1 2 3 4 5 6 7 8 9 10 11 12 | 12.3
Slings         | 1 2 3 4 5 6 7 8 9 10 11 12 | 12.3
Bows           | 1 2 3 4 5 6 7 8 9 10 11 12 | 12.3
Crossbows      | 1 2 3 4 5 7 9 10 11 13 14 15 | 15.8
Stealth        | 1 2 3 4 5 6 7 8 9 10 11 12 | 12.3
Shields        | 1 2 3 4 5 6 7 8 9 10 11 12 | 12.3
Unarmed Combat | 1 2 3 4 5 6 7 8 9 10 11 12 | 12.3
Conjurations   | 1 2 3 4 5 6 7 8 8 9 10 | 10.5
Hexes          | 1 2 3 4 5 6 7 8 8 9 10 | 10.5
Charms         | 1 2 3 4 5 6 7 8 8 9 10 | 10.5
Summonings     | 1 2 3 4 5 6 7 8 8 9 10 | 10.5
Necromancy     | 1 2 3 4 5 6 7 8 8 9 10 | 10.5
Transmutations | 1 2 3 4 5 6 7 8 8 9 10 | 10.5
Fire Magic     | 1 2 3 4 5 6 7 8 8 9 10 | 10.5
Ice Magic      | 1 2 3 4 5 6 7 8 8 9 10 | 10.5
Air Magic      | 1 2 3 4 5 6 7 8 8 9 10 | 10.5
Earth Magic    | 1 2 3 4 5 6 7 8 8 9 10 | 10.5
Poison Magic   | 1 2 3 4 5 6 7 8 8 9 10 | 10.5
Invocations    | 1 2 3 4 5 6 7 8 10 11 12 13 | 13.3
Evocations     | 1 2 3 4 5 6 7 8 9 10 11 12 | 12.3
Throwing       | 3 4 5 6 7 8 9 10 11 12 | 12.5
Armour         | 3 4 5 6 7 8 9 10 11 12 | 12.5
Fighting       | 5 6 7 8 9 10 11 12 13 | 13.0
Polearms       | 5 6 7 8 9 10 11 12 13 | 13.0
Dodging        | 5 6 7 8 9 10 11 12 13 | 13.0
Translocations | 7 8 9 10 9 10 11 | 11.7

Action                   |  1- 3 |  4- 6 |  7- 9 | 10-12 | 13-15 | 16-18 || total
-------------------------+-------+-------+-------+-------+-------+-------++-------
Melee: Spear             |   171 |   247 |   621 |       |       |       ||  1039
       Bite              |    14 |    22 |    76 |    75 |   215 |   134 ||   536
       Punch             |       |     3 |     8 |    20 |    85 |       ||   116
       Scimitar          |       |       |    13 |   579 |  1161 |       ||  1753
       Glaive            |       |       |       |       |    24 |   631 ||   655
       Longbow           |       |       |       |       |     2 |       ||     2
       Dagger            |       |       |       |       |       |   556 ||   556
 Fire: Blowgun           |       |       |    31 |       |       |       ||    31
       Shortbow          |       |       |    12 |   454 |   416 |       ||   882
       Longbow           |       |       |       |       |   130 |   319 ||   449
Throw: Javelin           |       |    14 |    41 |    18 |     1 |       ||    74
       Tomahawk          |       |       |     1 |     3 |       |       ||     4
 Cast: Shroud of Golubri |       |     2 |     1 |    13 |    15 |    10 ||    41
       Blink             |       |     2 |    20 |     5 |     7 |    33 ||    67
       Gell's Gravitas   |       |       |     3 |     5 |     3 |       ||    11
       Conjure Flame     |       |       |     4 |     1 |       |       ||     5
       Passage of Golubr |       |       |     2 |     1 |     2 |       ||     5
       Mephitic Cloud    |       |       |     1 |    28 |    27 |    21 ||    77
       Lesser Beckoning  |       |       |       |     1 |     4 |       ||     5
       Summon Lightning  |       |       |       |       |    24 |    86 ||   110
       Summon Ice Beast  |       |       |       |       |    10 |    23 ||    33
       Statue Form       |       |       |       |       |       |    13 ||    13
       Summon Butterflie |       |       |       |       |       |     4 ||     4
       Freezing Cloud    |       |       |       |       |       |    67 ||    67
       Bolt of Cold      |       |       |       |       |       |     7 ||     7
Invok: Heroism           |       |       |       |    12 |    21 |    18 ||    51
       Finesse           |       |       |       |     3 |     7 |     7 ||    17
Evoke: Wand              |       |       |     1 |     5 |     5 |     7 ||    18
  Use: Potion            |       |     1 |     2 |     2 |     3 |    10 ||    18
       Scroll            |       |       |    12 |     7 |    23 |    17 ||    59
 Stab: Sleeping          |     5 |     3 |     3 |     7 |     7 |     3 ||    28
       Paralysed         |       |     4 |       |       |     5 |       ||     9
       Distracted        |       |       |     1 |       |     4 |    19 ||    24
       Confused          |       |       |       |     8 |    11 |     4 ||    23
  Eat: Chunk             |     3 |     8 |    21 |    30 |    77 |    90 ||   229
       Fruit             |       |       |     1 |     1 |       |       ||     2
       Bread ration      |       |       |       |     1 |     2 |       ||     3
       Royal jelly       |       |       |       |       |     1 |       ||     1
Armor: Leather armour    |    39 |    36 |    12 |       |       |       ||    87
       Robe              |       |       |   103 |    95 |       |    12 ||   210
       Scale mail        |       |       |       |    18 |   530 |   402 ||   950
       Skin              |       |       |       |       |       |   127 ||   127
Dodge: Dodged            |   131 |   114 |   388 |   634 |  1179 |  1411 ||  3857
       Deflected         |       |       |       |    16 |    30 |    42 ||    88
Block: Buckler           |       |       |       |       |       |   174 ||   174
       Reflection        |       |       |       |       |       |    19 ||    19
       Rpst.: Scimitar   |       |       |     8 |   177 |   263 |       ||   448

Table legend:
 A = Spawn XP
 B = Non-spawn XP
 C = Spawn XP percentage of total XP
 D = Spawn monster count
 E = Non-spawn monster count
 F = Spawn count percentage of total count
 G = Total turns spent on level
                    A         B        C        D         E        F      G
               +---------+---------+-------+---------+---------+-------+---------
         Total |       0 |  314887 |   0.0 |       0 |    1111 |   0.0 | 64456
               +---------+---------+-------+---------+---------+-------+---------
           D:1 |       0 |      48 |   0.0 |       0 |      24 |   0.0 |  1164
           D:2 |       0 |      30 |   0.0 |       0 |      10 |   0.0 |   652
           D:3 |       0 |      72 |   0.0 |       0 |      20 |   0.0 |   911
           D:4 |       0 |     407 |   0.0 |       0 |      14 |   0.0 |  1678
           D:5 |       0 |     397 |   0.0 |       0 |      14 |   0.0 |  1616
           D:6 |       0 |     898 |   0.0 |       0 |      16 |   0.0 |  2003
           D:7 |       0 |     491 |   0.0 |       0 |      17 |   0.0 |  1346
           D:8 |       0 |    3008 |   0.0 |       0 |      26 |   0.0 |  2127
           D:9 |       0 |    3362 |   0.0 |       0 |      38 |   0.0 |  2183
          D:10 |       0 |    2412 |   0.0 |       0 |      32 |   0.0 |  1504
          D:11 |       0 |    4552 |   0.0 |       0 |      31 |   0.0 |  1278
          D:12 |       0 |    4090 |   0.0 |       0 |      30 |   0.0 |  1288
          D:13 |       0 |   17052 |   0.0 |       0 |      42 |   0.0 |  3099
          D:14 |       0 |   12938 |   0.0 |       0 |      42 |   0.0 |  2520
          D:15 |       0 |   17689 |   0.0 |       0 |      41 |   0.0 |  2046
        Lair:1 |       0 |    2609 |   0.0 |       0 |      11 |   0.0 |  1484
        Lair:2 |       0 |    8806 |   0.0 |       0 |      57 |   0.0 |  3936
        Lair:3 |       0 |    4995 |   0.0 |       0 |      26 |   0.0 |  1954
        Lair:4 |       0 |    9783 |   0.0 |       0 |      31 |   0.0 |  2421
        Lair:5 |       0 |    6282 |   0.0 |       0 |      16 |   0.0 |  1565
        Lair:6 |       0 |   23207 |   0.0 |       0 |      57 |   0.0 |  3387
      Shoals:1 |       0 |   20091 |   0.0 |       0 |      39 |   0.0 |  2448
      Shoals:2 |       0 |   24188 |   0.0 |       0 |      27 |   0.0 |  2567
      Shoals:3 |       0 |   16643 |   0.0 |       0 |      36 |   0.0 |  1625
      Shoals:4 |       0 |   14094 |   0.0 |       0 |      21 |   0.0 |   884
      Spider:1 |       0 |   10261 |   0.0 |       0 |      28 |   0.0 |  2080
      Spider:2 |       0 |   16772 |   0.0 |       0 |      70 |   0.0 |  2516
      Spider:3 |       0 |   11176 |   0.0 |       0 |      33 |   0.0 |  1398
      Spider:4 |       0 |   25815 |   0.0 |       0 |      58 |   0.0 |  3053
         Orc:1 |       0 |     487 |   0.0 |       0 |       1 |   0.0 |   735
         Orc:2 |       0 |   11168 |   0.0 |       0 |     103 |   0.0 |  3239
         Elf:1 |       0 |   20404 |   0.0 |       0 |      42 |   0.0 |  1398
         Elf:2 |       0 |   18450 |   0.0 |       0 |      32 |   0.0 |  1215
        Bailey |       0 |    2210 |   0.0 |       0 |      26 |   0.0 |  1024
               +---------+---------+-------+---------+---------+-------+---------
